| TOP OF THE 1ST |
|
Roswell Invaders batting - Pitching for Victoria Capitals : LHP Geoff Klaas
|
|
Pitching: LHP Geoff Klaas
|
|
|
Batting: LHB Jalen Williams
|
0-0: Foul Ball, location: 2F 0-1: Foul Ball, location: 2F 0-2: Ball 1-2: Ball 2-2: Ground out 4-3 (Groundball, 4D, EV 84.4 MPH)
|
|
Batting: RHB Carlos Gonzalez
|
0-0: Called Strike 0-1: Ball 1-1: Fly out, F9 (Line Drive, 9S, EV 97.5 MPH)
|
|
Batting: LHB Ivan Cortez
|
0-0: Ball 1-0: Called Strike 1-1: Ball 2-1: Ball 3-1: SOLO HOME RUN (Line Drive, 9D, EV 105.6 MPH), Distance : 408 ft
|
|
Batting: LHB Angelo Lira
|
0-0: Ball 1-0: Called Strike 1-1: Foul Ball, location: 2F 1-2: Foul Ball, location: 2F 1-2: Foul Ball, location: 2F 1-2: Ball 2-2: Strikes out swinging
|
| Top of the 1st over - 1 run, 1 hit, 0 errors, 0 left on base; Roswell 1 - Victoria 0 |
| BOTTOM OF THE 1ST |
|
Victoria Capitals batting - Pitching for Roswell Invaders : LHP Elias Reyes
|
|
Pitching: LHP Elias Reyes
|
|
|
Batting: RHB Ross Hallock
|
0-0: Foul Ball, location: 2F 0-1: Foul Ball, location: 2F 0-2: Ball 1-2: Strikes out looking
|
|
Batting: LHB Addisu Nyamekye
|
0-0: Swinging Strike 0-1: Called Strike 0-2: Ball 1-2: Ball 2-2: Ball 3-2: Base on Balls
|
|
Batting: RHB Jesus Santiago
|
0-0: Ball 1-0: Ball 2-0: Called Strike 2-1: Ball 3-1: Fielders Choice at 2nd, 6-4 (Groundball, 56, EV 80.6 MPH)
|
|
Batting: RHB Jose Zuniga
|
0-0: Ball 1-0: Foul Ball, location: 2F 1-1: Foul Ball, location: 2F 1-2: Fly out, F7 (Line Drive, 7S, EV 94.4 MPH)
|
| Bottom of the 1st over - 0 runs, 0 hits, 0 errors, 1 left on base; Roswell 1 - Victoria 0 |
| TOP OF THE 2ND |
|
Roswell Invaders batting - Pitching for Victoria Capitals : LHP Geoff Klaas
|
|
Batting: LHB Julio Zamora
|
0-0: Swinging Strike 0-1: Called Strike 0-2: Ball 1-2: Ball 2-2: Strikes out swinging
|
|
Batting: RHB Jason Hanson
|
0-0: Called Strike 0-1: Swinging Strike 0-2: Strikes out swinging
|
|
Batting: LHB Adam Spence
|
0-0: Ball 1-0: Ball 2-0: Ground out 4-3 (Groundball, 34D, EV 97.5 MPH)
|
| Top of the 2nd over - 0 runs, 0 hits, 0 errors, 0 left on base; Roswell 1 - Victoria 0 |
| BOTTOM OF THE 2ND |
|
Victoria Capitals batting - Pitching for Roswell Invaders : LHP Elias Reyes
|
|
Batting: RHB Rich Griffith
|
0-0: Called Strike 0-1: Called Strike 0-2: Foul Ball, location: 2F 0-2: Ball 1-2: Strikes out swinging
|
|
Batting: LHB Taki Matsui
|
0-0: Ball 1-0: Ball 2-0: Ball 3-0: Base on Balls
|
|
Batting: RHB Josh Rentz
|
0-0: Ball 1-0: Foul Ball, location: 2F 1-1: Foul Ball, location: 2F 1-2: Strikes out looking
|
|
Batting: RHB Steve Carmichael
|
0-0: Ball 1-0: Called Strike 1-1: Foul Ball, location: 2F 1-2: Ball 2-2: SINGLE (Line Drive, 8RS, EV 106.2 MPH) Taki Matsui to second Runner from 2nd tries for 3rd, SAFE, no throw by CF
|
|
Batting: LHB Rick Harrison
|
0-0: Ball 1-0: Called Strike 1-1: Foul Ball, location: 2F 1-2: Strikes out swinging
|
| Bottom of the 2nd over - 0 runs, 1 hit, 0 errors, 2 left on base; Roswell 1 - Victoria 0 |
| TOP OF THE 3RD |
|
Roswell Invaders batting - Pitching for Victoria Capitals : LHP Geoff Klaas
|
|
Batting: RHB Shinichi Miyamoto
|
0-0: Ball 1-0: Ground out 5-3 (Groundball, 56S, EV 86.2 MPH)
|
|
Batting: SHB Sandy Burke
|
0-0: Called Strike 0-1: Ball 1-1: Foul Ball, location: 2F 1-2: Ball 2-2: Ball 3-2: Foul Ball, location: 2F 3-2: Base on Balls
|
|
Batting: LHB Jalen Williams
|
0-0: Ball 1-0: Foul Ball, location: 2F 1-1: Ball Balk! Sandy Burke to second 2-1: Ball 3-1: Foul Ball, location: 2F 3-2: Strikes out swinging
|
|
Batting: RHB Carlos Gonzalez
|
0-0: Fly out, F6 (Popup, P, EV 90.6 MPH)
|
| Top of the 3rd over - 0 runs, 0 hits, 0 errors, 1 left on base; Roswell 1 - Victoria 0 |
| BOTTOM OF THE 3RD |
|
Victoria Capitals batting - Pitching for Roswell Invaders : LHP Elias Reyes
|
|
Batting: RHB Ross Hallock
|
0-0: Ball 1-0: Called Strike 1-1: Swinging Strike 1-2: SOLO HOME RUN (Line Drive, 7D, EV 97.5 MPH), Distance : 373 ft
|
|
Batting: LHB Addisu Nyamekye
|
0-0: Ball 1-0: Foul Ball, location: 2F 1-1: SOLO HOME RUN (Flyball, 9D, EV 98.1 MPH), Distance : 387 ft
|
|
Batting: RHB Jesus Santiago
|
0-0: Ball 1-0: Foul Ball, location: 2F 1-1: Called Strike 1-2: Strikes out swinging
|
|
Batting: RHB Jose Zuniga
|
0-0: Ball 1-0: Ball 2-0: Foul Ball, location: 2F 2-1: Ball 3-1: Foul Ball, location: 2F 3-2: Base on Balls
|
|
Batting: RHB Rich Griffith
|
0-0: Ball 1-0: Foul Ball, location: 2F 1-1: Swinging Strike 1-2: Ball 2-2: Ball 3-2: Strikes out swinging
|
|
Batting: LHB Taki Matsui
|
0-0: Ball 1-0: Ball 2-0: Called Strike 2-1: Called Strike 2-2: Foul Ball, location: 2F 2-2: Ball Pickoff Throw by Catcher to First - Out!
|
| Bottom of the 3rd over - 2 runs, 2 hits, 0 errors, 0 left on base; Roswell 1 - Victoria 2 |
| TOP OF THE 4TH |
|
Roswell Invaders batting - Pitching for Victoria Capitals : LHP Geoff Klaas
|
|
Batting: LHB Ivan Cortez
|
0-0: Swinging Strike 0-1: Foul Ball, location: 2F 0-2: Ball 1-2: Foul Ball, location: 2F 1-2: Ball 2-2: Strikes out swinging
|
|
Batting: LHB Angelo Lira
|
0-0: Ball 1-0: Called Strike 1-1: Ball 2-1: Ball 3-1: Base on Balls
|
|
Batting: LHB Julio Zamora
|
0-0: Called Strike 0-1: Ball 1-1: Ball 2-1: Called Strike 2-2: Ball 3-2: Strikes out swinging Angelo Lira is caught stealing 2nd base 2-6 Batter strikes out.
|
| Top of the 4th over - 0 runs, 0 hits, 0 errors, 0 left on base; Roswell 1 - Victoria 2 |
| BOTTOM OF THE 4TH |
|
Victoria Capitals batting - Pitching for Roswell Invaders : LHP Elias Reyes
|
|
Batting: LHB Taki Matsui
|
0-0: Ball 1-0: Ball 2-0: Called Strike 2-1: Foul Ball, location: 2F 2-2: Foul Ball, location: 2F 2-2: Ball 3-2: Base on Balls
|
|
Batting: RHB Josh Rentz
|
0-0: Ball 1-0: SINGLE (Groundball, 34D, EV 93.8 MPH) Taki Matsui to second
|
|
Batting: RHB Steve Carmichael
|
0-0: Ball Wild Pitch! Taki Matsui to third Josh Rentz to second 1-0: Ball 2-0: Ball 3-0: Called Strike 3-1: Fly out, F7 (Flyball, 7LM, EV 110.6 MPH) Runner from 3rd tags up, SCORES, throw by LF Josh Rentz to third
|
|
Batting: LHB Rick Harrison
|
0-0: Foul Ball, location: 2F 0-1: Ball 1-1: SINGLE (Line Drive, 34D, EV 95.0 MPH) Josh Rentz scores
|
|
Batting: RHB Ross Hallock
|
0-0: Ball Rick Harrison is caught stealing 2nd base 2-4 1-0: Ball 2-0: Foul Ball, location: 2F 2-1: Ball 3-1: Foul Ball, location: 2F 3-2: Base on Balls
|
|
Batting: LHB Addisu Nyamekye
|
0-0: Called Strike 0-1: Ball 1-1: Hit by Pitch Ross Hallock to second
|
|
Batting: RHB Jesus Santiago
|
0-0: Foul Ball, location: 2F 0-1: Ball 1-1: Ball 2-1: Called Strike 2-2: Foul Ball, location: 2F 2-2: 3-RUN HOME RUN (Line Drive, 8RXD, EV 115.6 MPH), Distance : 450 ft
|
|
Pitching: LHP Henry Jesso
|
|
|
Batting: RHB Jose Zuniga
|
0-0: Called Strike 0-1: Foul Ball, location: 2F 0-2: Ball 1-2: Ball 2-2: Strikes out looking
|
| Bottom of the 4th over - 5 runs, 3 hits, 0 errors, 0 left on base; Roswell 1 - Victoria 7 |
| TOP OF THE 5TH |
|
Roswell Invaders batting - Pitching for Victoria Capitals : LHP Geoff Klaas
|
|
Batting: RHB Jason Hanson
|
0-0: Ball 1-0: Foul Ball, location: 2F 1-1: Called Strike 1-2: Strikes out swinging
|
|
Batting: LHB Adam Spence
|
0-0: Foul Ball, location: 2F 0-1: Foul Ball, location: 2F 0-2: Ball 1-2: Strikes out looking
|
|
Batting: RHB Shinichi Miyamoto
|
0-0: Fly out, F9 (Flyball, 9S, EV 86.2 MPH)
|
| Top of the 5th over - 0 runs, 0 hits, 0 errors, 0 left on base; Roswell 1 - Victoria 7 |
| BOTTOM OF THE 5TH |
|
Victoria Capitals batting - Pitching for Roswell Invaders : LHP Henry Jesso
|
|
Batting: RHB Rich Griffith
|
0-0: Fly out, F9 (Flyball, 9S, EV 88.8 MPH)
|
|
Batting: LHB Taki Matsui
|
0-0: Foul Ball, location: 2F 0-1: Ball 1-1: Called Strike 1-2: Ball 2-2: Ball 3-2: Fly out, F8 (Line Drive, 89D, EV 103.1 MPH)
|
|
Batting: RHB Josh Rentz
|
0-0: Ball 1-0: Called Strike 1-1: Called Strike 1-2: Ground out 1-3 (Groundball, 13S, EV 67.5 MPH)
|
| Bottom of the 5th over - 0 runs, 0 hits, 0 errors, 0 left on base; Roswell 1 - Victoria 7 |
| TOP OF THE 6TH |
|
Roswell Invaders batting - Pitching for Victoria Capitals : LHP Geoff Klaas
|
|
Batting: SHB Sandy Burke
|
0-0: Ball 1-0: Ball 2-0: Ground out 6-3 (Groundball, 56, EV 80.6 MPH)
|
|
Batting: LHB Jalen Williams
|
0-0: Called Strike 0-1: Ball 1-1: Swinging Strike 1-2: Strikes out swinging
|
|
Batting: RHB Carlos Gonzalez
|
0-0: Ball 1-0: Called Strike 1-1: Ball 2-1: Swinging Strike 2-2: Strikes out swinging
|
| Top of the 6th over - 0 runs, 0 hits, 0 errors, 0 left on base; Roswell 1 - Victoria 7 |
| BOTTOM OF THE 6TH |
|
Victoria Capitals batting - Pitching for Roswell Invaders : LHP Henry Jesso
|
|
Batting: RHB Steve Carmichael
|
0-0: Ball 1-0: Ground out 4-3 (Groundball, 34, EV 76.9 MPH)
|
|
Batting: LHB Rick Harrison
|
0-0: Called Strike 0-1: Called Strike 0-2: Fly out, F2 (Popup, 15S, EV 87.5 MPH)
|
|
Batting: RHB Ross Hallock
|
0-0: Ball 1-0: SOLO HOME RUN (Line Drive, 7LD, EV 93.1 MPH), Distance : 339 ft
|
|
Batting: LHB Addisu Nyamekye
|
0-0: Ball 1-0: Ball 2-0: Foul Ball, location: 2F 2-1: Foul Ball, location: 2F 2-2: Ball 3-2: Ground out 1-3 (Groundball, 13S, EV 63.8 MPH)
|
| Bottom of the 6th over - 1 run, 1 hit, 0 errors, 0 left on base; Roswell 1 - Victoria 8 |
| TOP OF THE 7TH |
|
Roswell Invaders batting - Pitching for Victoria Capitals : LHP Geoff Klaas
|
|
Batting: LHB Ivan Cortez
|
0-0: Foul Ball, location: 2F 0-1: Ball 1-1: Swinging Strike 1-2: Ball 2-2: Foul Ball, location: 2F 2-2: Ball 3-2: Ground out 5-3 (Groundball, 5S, EV 73.1 MPH)
|
|
Pitching: RHP Jose Rios
|
|
|
Batting: LHB Angelo Lira
|
0-0: SINGLE (Line Drive, 56D, EV 98.1 MPH)
|
|
Batting: LHB Julio Zamora
|
0-0: Ball 1-0: DOUBLE (Line Drive, 9LD, EV 115.0 MPH) Angelo Lira to third
|
|
Pinch Runner at 2nd Homer Petropoulos:
|
|
|
Pinch Hitting: RHB Drew Sigona
|
0-0: Ball 1-0: Ball 2-0: Foul Ball, location: 2F 2-1: Foul Ball, location: 2F 2-2: Ball 3-2: Foul Ball, location: 2F 3-2: Foul Ball, location: 2F 3-2: Base on Balls
|
|
Batting: LHB Adam Spence
|
0-0: Ball 1-0: Swinging Strike 1-1: Called Strike 1-2: Ball 2-2: Strikes out swinging
|
|
Batting: RHB Shinichi Miyamoto
|
0-0: Ball 1-0: Called Strike 1-1: Ball 2-1: Swinging Strike 2-2: Strikes out swinging
|
| Top of the 7th over - 0 runs, 2 hits, 0 errors, 3 left on base; Roswell 1 - Victoria 8 |
| BOTTOM OF THE 7TH |
|
Victoria Capitals batting - Pitching for Roswell Invaders : LHP Henry Jesso
|
|
Now at 1B: Ray Bieber
|
|
|
Now in RF: Homer Petropoulos
|
|
|
Pinch Hitting: RHB John Britton
|
0-0: Called Strike 0-1: Ball 1-1: Foul Ball, location: 2F 1-2: Strikes out swinging
|
|
Batting: RHB Jose Zuniga
|
0-0: Hit by Pitch
|
|
Pitching: RHP Erik Stegenga
|
|
|
Batting: RHB Rich Griffith
|
0-0: Ball 1-0: Ball 2-0: Ball 3-0: Base on Balls Jose Zuniga to second
|
|
Batting: LHB Taki Matsui
|
0-0: Foul Ball, location: 2F 0-1: Ball 1-1: Foul Ball, location: 2F 1-2: Strikes out swinging
|
|
Batting: RHB Josh Rentz
|
0-0: SINGLE (Groundball, 6MD, EV 104.4 MPH) Jose Zuniga to third Rich Griffith to second Runner from 3rd tries for Home, SAFE, throw by CF to home
|
|
Batting: RHB Steve Carmichael
|
0-0: Called Strike 0-1: Ball 1-1: Foul Ball, location: 2F 1-2: Strikes out swinging
|
| Bottom of the 7th over - 1 run, 1 hit, 0 errors, 2 left on base; Roswell 1 - Victoria 9 |
| TOP OF THE 8TH |
|
Roswell Invaders batting - Pitching for Victoria Capitals : RHP Jose Rios
|
|
Now at 3B: John Britton
|
|
|
Batting: SHB Sandy Burke
|
0-0: Swinging Strike 0-1: Swinging Strike 0-2: Strikes out looking
|
|
Batting: LHB Jalen Williams
|
0-0: Foul Ball, location: 2F 0-1: Called Strike 0-2: Foul Ball, location: 2F 0-2: DOUBLE (Line Drive, 78D, EV 109.4 MPH)
|
|
Batting: RHB Carlos Gonzalez
|
0-0: Ball 1-0: Called Strike 1-1: Ball 2-1: Foul Ball, location: 2F 2-2: Hit by Pitch
|
|
Batting: LHB Ivan Cortez
|
0-0: Ball 1-0: Foul Ball, location: 2F 1-1: Foul Ball, location: 2F 1-2: Ball 2-2: Strikes out swinging
|
|
Batting: LHB Angelo Lira
|
0-0: Ball 1-0: Ball 2-0: Called Strike 2-1: Swinging Strike 2-2: Ball 3-2: Strikes out swinging
|
| Top of the 8th over - 0 runs, 1 hit, 0 errors, 2 left on base; Roswell 1 - Victoria 9 |
| BOTTOM OF THE 8TH |
|
Victoria Capitals batting - Pitching for Roswell Invaders : RHP Erik Stegenga
|
|
Batting: LHB Rick Harrison
|
0-0: Ball 1-0: Swinging Strike 1-1: Ball 2-1: Ball 3-1: Foul Ball, location: 2F 3-2: Base on Balls
|
|
Batting: RHB Ross Hallock
|
0-0: Ball 1-0: Ball 2-0: Ball 3-0: Base on Balls Rick Harrison to second
|
|
Batting: LHB Addisu Nyamekye
|
0-0: Ball 1-0: Ball 2-0: Called Strike 2-1: Ball 3-1: Base on Balls Rick Harrison to third Ross Hallock to second
|
|
Pinch Hitting: LHB Jason Cary
|
0-0: Ball 1-0: Called Strike 1-1: Ball 2-1: Foul Ball, location: 2F 2-2: Foul Ball, location: 2F 2-2: Fly out, F7 (Flyball, 78M, EV 89.4 MPH)
|
|
Batting: RHB Jose Zuniga
|
0-0: Called Strike 0-1: Swinging Strike 0-2: Ball 1-2: Ball 2-2: Foul Ball, location: 2F 2-2: Fly out, F7 (Flyball, 78M, EV 91.2 MPH) Runner from 3rd tags up, SCORES, throw by LF
|
|
Batting: RHB Rich Griffith
|
0-0: Foul Ball, location: 2F 0-1: Swinging Strike 0-2: SINGLE (Groundball, 4MD, EV 106.2 MPH) Ross Hallock to third Addisu Nyamekye to second Runner from 3rd tries for Home, SAFE, throw by CF to home
|
|
Pitching: LHP Carlos Alicea
|
|
|
Batting: LHB Taki Matsui
|
0-0: Swinging Strike 0-1: Ball 1-1: Foul Ball, location: 2F 1-2: Ball 2-2: Foul Ball, location: 2F 2-2: Fly out, F7 (Flyball, 7, EV 89.4 MPH)
|
| Bottom of the 8th over - 2 runs, 1 hit, 0 errors, 2 left on base; Roswell 1 - Victoria 11 |
| TOP OF THE 9TH |
|
Roswell Invaders batting - Pitching for Victoria Capitals : RHP Jose Rios
|
|
Pitching: RHP Yen-nien Luo
|
|
|
Now at 3B: Kevin Harris
|
|
|
Batting: RHB Homer Petropoulos
|
0-0: Called Strike 0-1: Foul Ball, location: 2F 0-2: Ball 1-2: Ball 2-2: Ball 3-2: Strikes out swinging
|
|
Pinch Hitting: LHB Falco van Koeveringe
|
0-0: Called Strike 0-1: Ball 1-1: Swinging Strike 1-2: Foul Ball, location: 2F 1-2: Strikes out looking
|
|
Pinch Hitting: RHB Shing Mah
|
0-0: Ball 1-0: Called Strike 1-1: Called Strike 1-2: Ball 2-2: Strikes out swinging
|
| Top of the 9th over - 0 runs, 0 hits, 0 errors, 0 left on base; Roswell 1 - Victoria 11 |
|